 Dungeon Crawl Stone Soup version 0.27-a0-789-g6bb3289e1e (webtiles) character file.

Game seed: 11972820344850294103

91 rageheart7 the Charlatan (level 4, 0/40 HPs)
             Began as a Deep Dwarf Artificer on Mar 26, 2021.
             Slain by an orc
             ... wielding a +0 trident
              (5 damage)
             ... on level 3 of the Dungeon.
             The game lasted 00:04:22 (2224 turns).

rageheart7 the Charlatan (Deep Dwarf Artificer)     Turns: 2224, Time: 00:04:23

Health: 0/40       AC:  3    Str: 17    XL:     4   Next: 33%
Magic:  0/0        EV: 11    Int: 11    God:
Gold:   99         SH:  0    Dex: 13    Spells: 3/3 levels left

rFire    . . .     SeeInvis .   f - +0 dagger (flame)
rCold    . . .     Faith    .   (no shield)
rNeg     . . .     Spirit   .   b - +0 leather armour
rPois    .         Reflect  .   (no helmet)
rElec    .         Harm     .   (no cloak)
rCorr    .         Rampage  .   (no gloves)
Will     .....                  (no boots)
Stlth    +.........             (no amulet)
HPRegen  0.00/turn              (no ring)
MPRegen  0.07/turn              (no ring)

@: non-regenerating
A: damage resistance, heal wounds, sense surroundings 1, no regeneration
a: Heal Wounds


You were on level 3 of the Dungeon.
You visited 1 branch of the dungeon, and saw 3 of its levels.

You collected 99 gold pieces.

Inventory:

Hand Weapons
 f - a +0 dagger of flaming (weapon)
Armour
 b - a +0 leather armour (worn)
Wands
 c - a wand of flame (15) (quivered)
 d - a wand of charming (15)
 e - a wand of random effects (15)
Scrolls
 i - a scroll of identify
Potions
 h - a potion of attraction


   Skills:
 * Level 2.4 Fighting
 * Level 2.3 Maces & Flails
 - Level 2.1 Armour
 - Level 1.1 Dodging
 - Level 1.2 Stealth
 + Level 4.7 Evocations


You had 3 spell levels left.
You didn't know any spells.
Your spell library was empty.

Dungeon Overview and Level Annotations

Branches:
Dungeon (3/15)

Altars:
The Shining One

Annotations:
D:3 Sigmund


Innate Abilities, Weirdness & Mutations

You are resistant to damage.
You can heal yourself by infusing magical energy.
You passively map a small area around you.
You do not regenerate.


Message History

You barely miss the quokka. The quokka bites you.
You hit the quokka. You burn the quokka.
The quokka is heavily wounded.
The quokka barely misses you.
You hit the quokka. You burn the quokka.
The quokka is almost dead.
The quokka closely misses you.
You hit the quokka. You burn the quokka.
You kill the quokka!
A goblin, an orc and an orc priest come into view.
The goblin shouts!
Found a faded altar of an unknown god.
An orc comes into view. It is wielding a +0 falchion.
The orc shouts!
The orc priest shouts!
A frilled lizard comes into view.
The frilled lizard hisses angrily.
The orc priest looks braver for a moment.
There is a stone staircase leading up here.
The orc barely misses you.
You closely miss the orc. The orc hits you with a +0 trident!
* * * LOW HITPOINT WARNING * * *
You closely miss the orc. The orc hits you with a +0 trident.
* * * LOW HITPOINT WARNING * * *
You closely miss the orc. The orc closely misses you.
You barely miss the orc. The orc completely misses you.
You hit the orc but do no damage. The orc closely misses you.
You barely miss the orc. The orc closely misses you.
You hit the orc. You burn the orc.
The orc is moderately wounded.
The orc closely misses you.
You closely miss the orc.
The orc is moderately wounded.
The orc closely misses you.
You hit the orc but do no damage.
The orc is moderately wounded.
The orc hits you with a +0 trident.
You hit the orc but do no damage.
The orc is moderately wounded.
The orc hits you with a +0 trident.
You die...

#####
######...#########
.........##.g..og#
..........o....#o#
** *
........o......#@# ,
.≈..≈..........#<# *
*
...≈.≈.≈.......###*
,
≈≈≈≈≈≈....#........
, ,
≈≈≈≈≈≈≈.........###*
≈≈≈≈≈≈..........# *,
..≈≈≈≈≈.........# ,
≈_.≈≈≈...<.###### *
.♣≈≈≈≈≈....# * ,


You could see 2 orcs and a goblin.

Vanquished Creatures
  3 adders (D:2)
  4 worms (D:2)
  5 bats
  4 endoplasms
  3 giant cockroaches
  4 goblins
  3 hobgoblins
  6 jackals
  2 quokkas
  A ball python (D:1)
  5 frilled lizards
  3 kobolds
  9 rats
52 creatures vanquished.

Vanquished Creatures (others)
  7 toadstools (D:3)
7 creatures vanquished.

Grand Total: 59 creatures vanquished

Notes
Turn   | Place    | Note
-------+----------+-------------------------------------------
     0 | D:1      | rageheart7 the Deep Dwarf Artificer began the quest for the
                  | Orb.
     0 | D:1      | Reached XP level 1. HP: 16/16 MP: 1/1
    77 | D:1      | Reached skill level 1 in Fighting
   209 | D:1      | Reached XP level 2. HP: 20/25 MP: 2/2
   231 | D:1      | Reached skill level 1 in Maces & Flails
  1235 | D:2      | Reached XP level 3. HP: 24/32 MP: 2/2
  1512 | D:2      | Reached XP level 4. HP: 12/39 MP: 1/1
  1580 | D:2      | Found a glowing golden altar of the Shining One.
  2088 | D:3      | Noticed Sigmund
  2199 | D:3      | Found a faded altar of an unknown god.
  2224 | D:3      | Slain by an orc

Illustrated notes

Levels and vault maps discovered:
D:1:      wheals_arrival_linesprint, layout_loops_corners, grunt_decor_junction,
          due_unseen_surprise
D:2:      layout_basic, nicolae_tso_swordbearing_angel
D:3:      cheibrodos_fertilizer, layout_basic, grunt_dithmenos_smoke,
          overflow_temple_1_default, nicolae_vehumet_radiance,
          chequers_ecumenical_altar_island, minmay_vboxes, uniq_sigmund

Skill      XL: |  1  2  3 |
---------------+----------+-----
Fighting       | 1 2 |  2.4
Maces & Flails | 1 2 |  2.3
Armour         | |  2.1
Dodging        | |  1.1
Stealth        | |  1.2
Evocations     | |  4.7

Action                   |  1- 3 |  4- 6 || total
-------------------------+-------+-------++-------
Melee: Dagger            |   193 |    86 ||   279
       Club              |    17 |       ||    17
 Abil: Heal Wounds       |     4 |     2 ||     6
  Use: Scroll            |     3 |     2 ||     5
       Potion            |     1 |     1 ||     2
 Stab: Sleeping          |       |     1 ||     1
Armor: Leather armour    |    62 |    11 ||    73
       Skin              |       |     9 ||     9
Dodge: Dodged            |   143 |    31 ||   174

Table legend: (Time is in decaauts)
 A = Elapsed time spent in this place.
 B = Non-inter-level travel time spent in this place.
 C = Inter-level travel time spent in this place.
 D = Time resting spent in this place.
 E = Time spent auto-exploring this place.
 F = Levels seen in this place.
 G = Mean time per level.
                   A        B        C        D        E       F      G
               +--------+--------+--------+--------+--------+-----+--------+
         Total |   2229 |   2067 |    162 |    206 |   1306 |   3 |  743.0 |
       Dungeon |   2229 |   2067 |    162 |    206 |   1306 |   3 |  743.0 |
               +--------+--------+--------+--------+--------+-----+--------+

Top non-repeatable levels by time:
     D:1: 1223 daAuts
     D:2: 873 daAuts
     D:3: 132 daAuts
